 Dungeon Crawl Stone Soup version 0.24-a0-92-g7d8ec57 (webtiles) character file.

Game seed: 4924537269844109778

3816 2FriedEggs the Quickloader (level 9, -6/78 HPs)
             Began as a Centaur Hunter on Feb 10, 2019.
             Was a Believer of Okawaru.
             Mangled by an ogre
             ... wielding a +0 giant club
              (22 damage)
             ... on level 8 of the Dungeon.
             The game lasted 00:20:10 (11695 turns).

2FriedEggs the Quickloader (Centaur Hunter)        Turns: 11695, Time: 00:20:11

Health: -6/78      AC: 12    Str: 14    XL:     9   Next: 97%
Magic:  13/13      EV:  8    Int: 10    God:    Okawaru [**....]
Gold:   511        SH:  0    Dex: 17    Spells: 8/8 levels left

rFire    + . .     SeeInvis .   a - +1 hand crossbow
rCold    x . .     Gourm    .   (no shield)
rNeg     + . .     Faith    .   h - +4 ring mail of the Moon {-Tele rN+ rCorr Dex+3}
rPois    +         Spirit   .   F - +1 helmet
rElec    .         Reflect  .   G - +0 cloak
rCorr    +         Harm     .   (no gloves)
MR       .....     NoTele   +   (no barding)
Stlth    +.........             (no amulet)
HPRegen  0.23/turn              y - ring of poison resistance
MPRegen  0.13/turn              C - ring of fire

@: very quick
A: large, hooves 3, deformed body, speed 2, tough skin 3
a: Heroism, Renounce Religion


You were on level 8 of the Dungeon.
You worshipped Okawaru.
Okawaru was pleased with you.
You were hungry.

You visited 2 branches of the dungeon, and saw 9 of its levels.

You collected 511 gold pieces.

Inventory:

Hand Weapons
 a - a +1 hand crossbow (weapon)
 b - a +0 short sword
Missiles
 d - 37 bolts (quivered)
Armour
 h - the +4 ring mail of the Moon (worn) {-Tele rN+ rCorr Dex+3}
   (You found it on level 7 of the Dungeon)

   It affects your dexterity (+3).
   It protects you from negative energy.
   It prevents most forms of teleportation.
   It provides partial protection from all sources of acid and corrosion.
 v - a +3 leather armour of cold resistance
 F - a +1 helmet (worn)
 G - a +0 cloak (worn)
Magical Staves
 w - an uncursed staff of energy
Jewellery
 y - a ring of poison resistance (left hand)
 C - a ring of fire (right hand)
Wands
 t - a wand of enslavement (10)
 z - a wand of random effects (11)
 E - a wand of iceblast (7)
Scrolls
 g - 6 scrolls of teleportation
 j - 2 scrolls of immolation
 l - a scroll of enchant weapon
 n - a scroll of enchant armour
 p - 2 scrolls of amnesia
 q - 9 scrolls of remove curse
 s - 2 scrolls of magic mapping
 I - a scroll of fog {unknown}
 J - a scroll of acquirement {unknown}
 K - 2 scrolls of random uselessness {unknown}
 L - a scroll of brand weapon {unknown}
Potions
 e - 2 potions of resistance
 i - a potion of haste
 k - 5 potions of heal wounds
 r - 10 potions of curing
 u - a potion of might {unknown}
 A - a potion of flight {unknown}
 B - a potion of invisibility
 H - a potion of cancellation {unknown}
Comestibles
 f - 12 rations


   Skills:
 + Level 6.6 Fighting
 - Level 6.5 Short Blades
 * Level 10.8 Crossbows
 - Level 1.3 Dodging
 - Level 0.4 Stealth
 * Level 5.8 Invocations


You had 8 spell levels left.
You didn't know any spells.
Your spell library was empty.

Dungeon Overview and Level Annotations

Branches:
Dungeon (8/15)             Temple (1/1) D:6
   Lair: D:8-11

Altars:
Ashenzari
Cheibriados
Dithmenos
Fedhas
Gozag
Kikubaaqudgha
Makhleb
Okawaru
Qazlal
Ru
Trog
Uskayaw
Vehumet
Xom
Yredelemnul
The Shining One

Shops:
D:5 %   D:7 %

Annotations:
D:7 Dowan, Duvessa


Innate Abilities, Weirdness & Mutations

You have hooves in place of feet.
Armour fits poorly on your strangely shaped body.
You cover ground very quickly.
You have extremely tough skin. (AC +3)


Message History

The ogre is severely wounded.
Firing (i - inventory)
d - 40 bolts (quivered)
Press: ? - help, Shift-Dir - straight line, f/p - ogre
Aim: an ogre, wielding a +0 giant club (severely wounded)
You shoot a bolt. The bolt hits the ogre.
The ogre is severely wounded.
Firing (i - inventory)
d - 39 bolts (quivered)
Press: ? - help, Shift-Dir - straight line, f/p - ogre
Aim: an ogre, wielding a +0 giant club (severely wounded)
You shoot a bolt. The bolt hits the ogre.
The ogre is severely wounded.
The ogre hits you with a +0 giant club!
* * * LOW HITPOINT WARNING * * *
Firing (i - inventory)
d - 38 bolts (quivered)
Press: ? - help, Shift-Dir - straight line, f/p - ogre
Aim: an ogre, wielding a +0 giant club (severely wounded)
You shoot a bolt. The bolt barely misses the ogre.
The bolt hits the orc.
The orc is almost dead.
The ogre hits you with a +0 giant club!!
You die...

########## #........#
#........# #####
#........# #...##
#.<......#######.....
#....(...............
#...@.....#######.##.
#....O....# #.##.
#.....o...## #....
#......(...# ##...#
#..........# #...##
####.####..# ###.#.#
###.# #((###...#.##
#...# #.)##..###...
#.######.....######.


You could see an ogre and an orc.

Vanquished Creatures
  Pikel (D:5)
  Joseph (D:7)
  Grinder (D:5)
  A hippogriff (D:8)
  4 slaves (D:5)
  A black bear (D:8)
  4 phantoms
  2 ice beasts
  2 ogres
  A big kobold (D:5)
  6 bullfrogs
  4 howler monkeys
  A crimson imp (D:6)
  2 bullfrog zombies (D:8)
  6 hounds
  4 jellies
  2 orc priests (D:7)
  A bullfrog skeleton (D:6)
  7 orc wizards
  An iguana (D:5)
  5 worker ants
  A hound zombie (D:8)
  A hound skeleton (D:5)
  15 gnolls
  4 adders
  2 shadow imps
  7 oozes
  An adder skeleton (D:4)
  3 leopard geckos
  23 orcs
  3 giant cockroaches
  32 goblins
  27 hobgoblins
  11 jackals
  7 quokkas
  2 ball pythons
  4 bats
  6 frilled lizards
  13 kobolds
  9 rats
228 creatures vanquished.

Notes
Turn   | Place    | Note
-------+----------+-------------------------------------------
     0 | D:1      | 2FriedEggs the Centaur Hunter began the quest for the Orb.
     0 | D:1      | Reached XP level 1. HP: 17/17 MP: 1/1
    72 | D:1      | Reached XP level 2. HP: 8/24 MP: 2/2
   291 | D:1      | Reached skill level 1 in Short Blades
  1005 | D:2      | Reached XP level 3. HP: 29/30 MP: 3/3
  1417 | D:2      | Reached skill level 5 in Crossbows
  1826 | D:3      | You fall through a shaft!
  1842 | D:4      | Found a shadowy altar of Dithmenos.
  1956 | D:4      | Reached XP level 4. HP: 30/37 MP: 4/4
  3158 | D:3      | Reached XP level 5. HP: 44/44 MP: 5/5
  3209 | D:3      | Found a stormy altar of Qazlal.
  4019 | D:5      | Entered Level 5 of the Dungeon
  4080 | D:5      | Reached skill level 6 in Crossbows
  4090 | D:5      | Reached XP level 6. HP: 40/51 MP: 6/6
  4207 | D:5      | Noticed a slave
  4209 | D:5      | Noticed Pikel
  4209 | D:5      | Noticed a slave
  4210 | D:5      | Noticed a slave
  4210 | D:5      | Noticed a slave
  4277 | D:5      | Found an ancient bone altar of Kikubaaqudgha.
  4279 | D:5      | Noticed Grinder
  4287 | D:5      | Paralysed by Grinder for 2 turns
  4307 | D:5      | Killed Grinder
  4651 | D:5      | Killed a slave
  4669 | D:5      | Killed a slave
  4956 | D:5      | Found Uloppate's Food Boutique.
  5082 | D:5      | Noticed an ice beast
  5133 | D:5      | Killed an ice beast
  5133 | D:5      | Reached XP level 7. HP: 58/58 MP: 7/7
  5383 | D:5      | Found a sacrificial altar of Ru.
  5522 | D:5      | Reached skill level 7 in Crossbows
  7349 | D:5      | Killed Pikel
  7349 | D:5      | Reached skill level 5 in Short Blades
  7349 | D:5      | Reached skill level 8 in Crossbows
  7349 | D:5      | Reached XP level 8. HP: 67/67 MP: 8/8
  7639 | D:6      | Reached skill level 5 in Fighting
  7823 | D:6      | Found a blossoming altar of Fedhas.
  7915 | D:6      | Reached skill level 9 in Crossbows
  7951 | D:6      | Found a staircase to the Ecumenical Temple.
  7976 | Temple   | Entered the Ecumenical Temple
  8043 | Temple   | Became a worshipper of Warmaster Okawaru
  8114 | D:6      | Reached skill level 1 in Invocations
  8114 | D:6      | Reached XP level 9. HP: 74/74 MP: 9/9
  8414 | D:6      | Found a basalt altar of Yredelemnul.
  8906 | D:7      | Got a jewelled ring mail
  8917 | D:7      | Identified the +4 ring mail of the Moon {-Tele rN+ rCorr
                  | Dex+3} (You found it on level 7 of the Dungeon)
  9082 | D:7      | Noticed Dowan
  9083 | D:7      | Noticed Duvessa
  9399 | D:7      | Found Noozar's Food Shop.
  9462 | D:7      | Found a snail-covered altar of Cheibriados.
  9463 | D:7      | Found a stormy altar of Qazlal.
  9635 | D:7      | Noticed Joseph
  9657 | D:7      | Killed Joseph
  9657 | D:7      | Reached * piety under Okawaru
  9657 | D:7      | Reached skill level 10 in Crossbows
 10976 | D:8      | Reached skill level 5 in Invocations
 11332 | D:8      | Found a burning altar of Makhleb.
 11433 | D:8      | Reached ** piety under Okawaru
 11695 | D:8      | Mangled by an ogre

Levels and vault maps discovered:
D:1:      psy_arrival_radial01, layout_rooms
D:2:      layout_loops_corners, first_ration
D:3:      wad_lake_hut, layout_loops_cross, nrook_uturn, minivault_11,
          nicolae_qazlal_general_emergency
D:4:      layout_basic, grunt_dithmenos_shadows
D:5:      minmay_goblin_kobold_castle, layout_loops_ring,
          nicolae_overflow_crystal_walls, marbit_many_paths, serial_shops, shop,
          uniq_grinder, uniq_pikel
D:6:      layout_rooms, kennysheep_little_box, fedhas_altar_2,
          minmay_temple_entry_stoned_glass, kennysheep_crisscross
D:7:      layout_layer_cave, gammafunk_temple_overflow_statue, serial_shops,
          kennysheep_mini_moat, uniq_joseph, uniq_duvessa
D:8:      layout_rooms, overflow_temple_1_default,
          hangedman_little_slice_of_home, interstate_on_off
Temple:   eino_temple_water

Skill      XL: |  1  2  3  4  5  6  7  8  9 |
---------------+----------------------------+-----
Short Blades   | 1 2 3 4 5 6 |  6.5
Crossbows      | 5 6 8 9 10 | 10.8
Fighting       | 3 4 5 6 |  6.6
Invocations    | 1 5 |  5.8
Dodging        | |  1.3
Stealth        | |  0.4

Action                   |  1- 3 |  4- 6 |  7- 9 || total
-------------------------+-------+-------+-------++-------
Melee: Short sword       |   157 |   275 |   526 ||   958
       Kick              |    32 |    59 |   157 ||   248
 Fire: Hand crossbow     |       |    11 |   140 ||   151
  Use: Scroll            |       |     9 |     3 ||    12
       Potion            |       |       |     1 ||     1
 Stab: Invisible         |       |       |     1 ||     1
  Eat: Chunk             |     2 |     9 |    17 ||    28
Armor: Leather armour    |    80 |   154 |   189 ||   423
       Ring mail         |       |       |   130 ||   130
Dodge: Dodged            |    74 |    97 |   185 ||   356

Table legend:
 A = Non-vault XP
 B = Vault XP
 C = Vault XP percentage of total XP
 D = Non-vault monster count
 E = Vault monster count
 F = Vault count percentage of total count
                 A         B        C        D         E       F
            +---------+---------+-------+---------+---------+-------
      Total |    3532 |    1920 |  35.2 |     153 |      71 |  31.7
            +---------+---------+-------+---------+---------+-------
        D:1 |      27 |       0 |   0.0 |      19 |       0 |   0.0
        D:2 |      40 |       0 |   0.0 |      22 |       0 |   0.0
        D:3 |      82 |       0 |   0.0 |      23 |       0 |   0.0
        D:4 |     136 |      11 |   7.5 |      19 |       1 |   5.0
        D:5 |     320 |    1307 |  80.3 |      14 |      61 |  81.3
        D:6 |    1062 |       0 |   0.0 |      15 |       0 |   0.0
        D:7 |     769 |     439 |  36.3 |      18 |       1 |   5.3
        D:8 |    1096 |     163 |  12.9 |      23 |       8 |  25.8
            +---------+---------+-------+---------+---------+-------
